 Dungeon Crawl Stone Soup version 0.16.2-12-gd0ad4c3 (webtiles) character file.

95 dearth the Poker (level 4, -5/35 HPs)
             Began as a Merfolk Skald on Oct 4, 2015.
             Killed from afar by an orc wizard (10 damage)
             ... with a puff of flame
             ... on level 3 of the Dungeon.
             The game lasted 00:05:40 (2725 turns).

dearth the Poker (Merfolk Skald)                    Turns: 2725, Time: 00:05:40

Health: -5/35      AC:  3    Str: 13      XL:     4   Next: 66%
Magic:  7/7        EV: 12    Int:  8 (11) God:
Gold:   101        SH:  0    Dex: 13      Spells: 1 memorised, 6 levels left

rFire  . . .     SeeInvis .     a - +0 spear
rCold  . . .     Clarity  .     b - +0 leather armour
rNeg   + . .     SustAb   .     (no shield)
rPois  +         Gourm    .     (no helmet)
rElec  .         Spirit   .     (no cloak)
rCorr  .         Warding  .     (no gloves)
rMut   .         Stasis   .     (no boots)
MR     .....                    (no amulet)
Stlth  +.........               p - ring of positive energy
                                n - ring of poison resistance

@: lethally poisoned (-5 -> -7), flying, not resistant to hostile enchantments,
very unstealthy
A: change form in water, swift swim
a: no special abilities


You were on level 3 of the Dungeon.
You were not hungry.

You visited 1 branch of the dungeon, and saw 3 of its levels.

You collected 101 gold pieces.

Inventory:

Hand weapons
 a - a +0 spear (weapon)
Armour
 b - a +0 leather armour (worn)
Jewellery
 k - a +3 ring of strength
 n - a ring of poison resistance (left hand)
 p - a ring of positive energy (right hand)
Scrolls
 f - a scroll of immolation {unknown}
 g - a scroll of fog {unknown}
 h - 2 scrolls of remove curse {unknown}
 q - a scroll of recharging {unknown}
 s - a scroll of random uselessness {unknown}
Potions
 i - a potion of flight
 j - a potion of ambrosia {unknown}
 l - a potion of curing {unknown}
 o - a potion of heal wounds
 r - a potion of invisibility {unknown}
Books
 c - a book of Battle

   Spells                             Type                      Level
   a - Infusion                       Charms                       1
   b - Shroud of Golubria             Charms/Translocation         2
   c - Song of Slaying                Charms                       2
   d - Spectral Weapon                Hexes/Charms                 3
   e - Regeneration                   Charms/Necromancy            3
Comestibles
 d - a bread ration


   Skills:
 + Level 3.2 Fighting
 * Level 4.9 Polearms
 - Level 0.6 Armour
 + Level 1.8 Dodging
 + Level 0.8 Stealth
 + Level 2.2 Spellcasting
 + Level 3.6 Charms


You had 6 spell levels left.
You knew the following spells:

 Your Spells              Type           Power        Failure   Level  Hunger
a - Infusion              Chrm           #.....       12%         1    ##.....


Dungeon Overview and Level Annotations

Branches:
Dungeon (3/15)

Altars:
Dithmenos

Annotations:
D:3 Robin


Message History

* * * LOW HITPOINT WARNING * * *
The orc barely misses you. The orc wizard barely misses you.
The adder misses you.
You are too injured to fight recklessly!
Drink which item? (? for menu, Esc to quit)
It was a potion of heal wounds.
You feel much better.
You feel sick. The orc wizard closely misses you. The orc closely misses you.
The orc completely misses you. The adder bites you.
The orc hits you with a whip. The orc wizard misses you.
The hobgoblin hits you. The adder bites you.
* * * LOW HITPOINT WARNING * * *
You feel sick.
The orc wizard gestures at you while chanting.
The magic dart hits you!
* * * LOW HITPOINT WARNING * * *
The hobgoblin closely misses you. The adder bites you.
* * * LOW HITPOINT WARNING * * *
The orc wizard points at you and mumbles some strange words.
The puff of flame hits you!
You die...

......#####
#..........#
###..........#
##............#
......?........##
#..>.........
#..#o......!# .
#.Sgo.......# ..
#.@.o....$...##.
#...............###
...(...........(.....#
.....###..#####....#..#
...... ##... #.......
..!.# ##.. # #.... ...
.. #.##... ..
....#...... ...........


You could see an orc wizard, an adder, 2 orcs and a hobgoblin.

Vanquished Creatures
  4 adders
  A giant gecko (D:1)
  A ball python (D:2)
  3 giant cockroaches
  15 goblins
  14 hobgoblins
  2 jackals (D:1)
  8 kobolds
  3 bats (D:1)
  A giant newt (D:3)
  3 rats (D:2)
55 creatures vanquished.

Notes
Turn   | Place    | Note
--------------------------------------------------------------
     0 | D:1      | dearth, the Merfolk Skald, began the quest for the Orb.
     0 | D:1      | Reached XP level 1. HP: 16/16 MP: 3/3
   318 | D:1      | Reached XP level 2. HP: 23/23 MP: 4/4
  1137 | D:2      | Reached skill level 4 in Polearms
  1137 | D:2      | Reached XP level 3. HP: 28/28 MP: 6/6
  1312 | D:2      | Found a shadowy altar of Dithmenos.
  1839 | D:2      | Reached XP level 4. HP: 30/35 MP: 7/7
  2408 | D:3      | Noticed Robin
  2721 | D:3      | HP: 1/35 [adder (1)]
  2725 | D:3      | Killed from afar by an orc wizard

Action                   |  1- 3 |  4- 6 || total
-------------------------+-------+-------++-------
Melee: Spear             |   114 |    84 ||   198
  Use: Potion            |       |     3 ||     3
  Eat: Chunk             |     2 |       ||     2
       Royal jelly       |       |     1 ||     1
       Beef jerky        |       |     1 ||     1
